 Dungeon Crawl Stone Soup version bcrawl-1.12.2 (webtiles) character file.

Game seed: 3992985094798554278

28 Ebbett the Gusty (level 3, 0/21 HPs)
             Began as an Octopode Air Elementalist on July 22, 2019.
             Slain by a jackal (3 damage)
             ... on level 2 of the Dungeon.
             The game lasted 00:03:30 (895 turns).

Ebbett the Gusty (Octopode Air Elementalist)         Turns: 895, Time: 00:03:31

Health: 0/21       AC:  1    Str:  7    XL:     3   Next: 12%
Magic:  1/6        EV: 13    Int: 18    God:
Gold:   71         SH:  0    Dex: 12    Spells: 6/7 levels left

rFire    . . .     SeeInvis .   i - +0 short sword
rCold    . . .     Gourm    .   (no shield)
rNeg     . . .     Faith    .   (helmet restricted)
rPois    .         Spirit   .   (cloak restricted)
rElec    .         Reflect  .   (no amulet)
rCorr    .         Harm     .   (no ring)
MR       .....                  (no ring)
Stlth    +++.......             (no ring)
HPRegen  0.07/turn              (no ring)
MPRegen  0.10/turn              (no ring)
                                (no ring)
                                (no ring)
                                (no ring)

@: no status effects
A: almost no armour, stealthy swim, amphibious, 8 rings, constrict 8, camouflage
1, gelatinous body 1
a: no special abilities


You were on level 2 of the Dungeon.
You were not hungry.

You visited 1 branch of the dungeon, and saw 2 of its levels.

You collected 71 gold pieces.

Inventory:

Hand Weapons
 c - a +0 club
 i - a +0 short sword (weapon)
Missiles
 e - 49 tomahawks (quivered)
Scrolls
 a - 5 scrolls of identify {unknown}
 f - a scroll of blinking {unknown}
 g - 2 scrolls of remove curse {unknown}
 h - a scroll of immolation {unknown}
Potions
 d - a potion of invisibility {unknown}
 j - a potion of mutation {unknown}
 k - a potion of brilliance {unknown}
Comestibles
 b - 6 rations {!d}


   Skills:
 + Level 0.3 Throwing
 + Level 2.4 Dodging
 + Level 3.2 Stealth
 + Level 2.5 Spellcasting
 + Level 1.0 Conjurations
 + Level 3.3 Air Magic


You had 6 spell levels left.
You knew the following spells:

 Your Spells              Type           Power        Failure   Level  Hunger
a - Shock                 Conj/Air       ##...        7%          1    #......

Your spell library contained the following spells:

 Spells                   Type           Power        Failure   Level  Hunger
 Swiftness                Chrm/Air       #.......     13%         2    ##.....
 Static Discharge         Air            ##......     13%         3    ###....
 Airstrike                Air            ##........   41%         4    #####..
 Lightning Bolt           Conj/Air       ##........   89%         5    ######.


Dungeon Overview and Level Annotations

Branches:
Dungeon (2/12)

Altars:


Innate Abilities, Weirdness & Mutations

You cannot wear most types of armour.
You are very stealthy in the water. (Stealth+)
You are amphibious.
You can wear up to eight rings at the same time.
You can use your tentacles to constrict eight enemies at once.
Your skin changes colour to match your surroundings (Stealth+).
Your rubbery body absorbs attacks. (AC +1, EV +1)


Message History

Aim: a jackal (almost dead)
You throw a tomahawk. The tomahawk closely misses the jackal.
The tomahawk hits the jackal.
You kill the jackal!
The jackal bites you.
* * * LOW HITPOINT WARNING * * *
The jackal barely misses you. The jackal closely misses you.
The jackal bites you.
* * * LOW HITPOINT WARNING * * *
Unknown command.
Throwing (i - inventory)
e - 50 tomahawks (quivered)
Press: ? - help, Shift-Dir - straight line, f/p - jackal
Aim: a jackal (severely wounded)
You throw a tomahawk.
The tomahawk hits the jackal but does no damage.
The jackal is severely wounded.
The jackal barely misses you. The jackal bites you.
* * * LOW HITPOINT WARNING * * *
The jackal bites you.
You die...

### #.#####
#.....# .#
#####.#
#.### # #.#
.... ..
#.##### ...
... #.....#
.. ..##
#####.#
.#)....
#.##h....##
#..@h......
#.#####..##
###


You could see 2 jackals.

Vanquished Creatures
  A dart slug (D:1)
  A leopard gecko (D:1)
  3 giant cockroaches (D:1)
  2 goblins
  A hobgoblin (D:2)
  2 jackals (D:2)
  4 bats (D:1)
  2 frilled lizards
  4 kobolds
  2 rats
22 creatures vanquished.

Notes
Turn   | Place    | Note
-------+----------+-------------------------------------------
     0 | D:1      | Ebbett the Octopode Air Elementalist began the quest for
                  | the Orb.
     0 | D:1      | Reached XP level 1. HP: 11/11 MP: 3/3
   163 | D:1      | Reached XP level 2. HP: 17/17 MP: 0/5
   822 | D:2      | Reached XP level 3. HP: 21/21 MP: 3/6
   895 | D:2      | Slain by a jackal

Action                   || total
-------------------------++-------
Melee: Unarmed           ||     4
       Club              ||     5
       Constrict         ||     4
       Tentacles         ||     3
       Short sword       ||     9
Throw: Tomahawk          ||    25
 Cast: Shock             ||    23
Armor: Skin              ||     4
Dodge: Dodged            ||    42
